Sabres vs MapleLeafs

Created - March 19, 2017 at 10:22

Goals
1 2 3 T
Sabres 1 0 1 2
MapleLeafs 0 0 1 1
Shots
1 2 3 T
Sabres 7 12 5 24
MapleLeafs 10 3 8 21

1st period

1. Sabres , Zach Hyman 10 (Brett Connolly) at 18:21

Penalties :
Jay Beagle (TOR) for Interference (Minor) at 16:14

2nd period

No Goal

Penalties :
Alexey Marchenko (TOR) for Hooking (Minor) at 5:39, Nick Leddy (TOR) for Delaying the game (Minor) at 14:51

3rd period

2. Sabres , Patrick Eaves 5 (Zach Hyman) at 2:35
3. MapleLeafs , Milan Lucic 32 (David Backes, Jordan Staal) at 7:23

Penalties :
Cody Franson (BUF) for Hooking (Minor) at 8:07, Seth Helgeson (BUF) for Hooking (Minor) at 10:33, Alexei Emelin (TOR) for High sticking (Minor) at 17:03

Goalie Stats

Thomas Greiss (BUF), 20 saves from 21 shots - (0.952), W, 11-8-2, 60:00 minutes
Keith Kinkaid (TOR), 22 saves from 24 shots - (0.917), L, 12-9-2, 59:13 minutes

Players Stats for Sabres

Player Name              G  A  P  +/- PIM S  H  SB GA TA FO     MP     PP MP  PK MP  
------------------------------------------------------------------------------------
Anders Lee               0  0  0   0  0   3  1  0  0  0  1/2    18:57   3:50   0:54 
Bo Horvat                0  0  0   0  0   1  0  0  0  0  7/17   19:00   3:50   0:00 
Brett Connolly           0  1  1   2  0   1  1  0  0  0  1/1     9:57   0:00   0:00 
Brian Campbell           0  0  0   0  0   1  2  2  0  0  0/0    22:50   4:06   1:56 
Chris Wagner             0  0  0  -1  0   1  1  0  0  0  1/1     9:21   0:00   1:13 
Cody Franson             0  0  0   0  2   0  1  0  0  0  0/0    20:49   4:06   0:53 
Dan Girardi              0  0  0   0  0   1  4  1  0  0  0/0    24:10   3:50   2:09 
Jake McCabe              0  0  0   1  0   0  0  2  0  0  0/0    14:34   0:00   0:30 
Jason Zucker             0  0  0   0  0   1  0  0  0  0  1/1    18:19   3:50   0:16 
Kris Versteeg            0  0  0  -1  0   0  0  0  0  0  1/1    10:04   0:00   1:56 
Lars Eller               0  0  0  -1  0   1  0  0  0  0  2/9     8:08   0:00   0:00 
Nino Niederreiter        0  0  0   0  0   2  1  0  0  0  0/1    19:54   4:06   0:00 
Patrick Eaves            1  0  1   2  0   3  1  0  0  0  0/0     9:00   0:00   0:00 
Rasmus Ristolainen       0  0  0   0  0   1  2  0  0  0  0/0    24:29   3:50   2:28 
Ryan Nugent-Hopkins      0  0  0   0  0   3  1  0  0  0  13/19  23:15   4:06   2:24 
Seth Helgeson            0  0  0   1  2   0  0  0  0  0  0/0    13:06   0:00   0:00 
Thomas Vanek             0  0  0   0  0   3  0  0  0  0  1/1    19:54   4:06   0:00 
Zach Hyman               1  1  2   2  0   2  0  1  0  0  5/10   10:13   0:00   1:13 

Players Stats for MapleLeafs

Player Name              G  A  P  +/- PIM S  H  SB GA TA FO     MP     PP MP  PK MP  
------------------------------------------------------------------------------------
Alexei Emelin            0  0  0   0  2   0  3  0  0  0  0/0    16:40   0:37   0:17 
Alexey Marchenko         0  0  0  -1  2   0  1  3  0  0  0/0    17:30   0:00   3:18 
Andreas Athanasiou       0  0  0  -1  0   2  0  0  0  0  0/0     9:46   0:00   0:00 
Brent Seabrook           0  0  0   0  0   0  3  1  0  0  0/0    24:25   1:39   3:59 
David Backes             0  1  1   0  0   3  3  0  0  0  0/1    19:17   2:00   4:22 
Jay Beagle               0  0  0   0  2   1  0  0  0  0  1/1    11:24   0:00   0:00 
Joffrey Lupul            0  0  0   0  0   2  0  0  0  0  1/1    15:34   1:34   0:00 
Jonathan Marchessault    0  0  0   0  0   0  4  0  0  0  0/0    11:25   0:00   0:00 
Joonas Donskoi           0  0  0   0  0   1  0  0  0  0  0/0    15:01   1:58   0:00 
Jordan Staal             0  1  1   0  0   2  1  0  0  0  6/18   19:34   1:34   4:22 
Karl Alzner              0  0  0   0  0   0  2  1  0  0  0/0    24:05   1:39   3:39 
Kris Russell             0  0  0   0  0   0  0  2  0  0  0/0    20:41   1:53   4:39 
Mikael Backlund          0  0  0   0  0   2  0  0  0  0  7/16   14:59   0:00   3:34 
Milan Lucic              1  0  1   0  0   3  1  0  0  0  0/0    19:50   2:24   3:34 
Nazem Kadri              0  0  0   0  0   3  2  0  0  0  10/14  15:41   2:24   0:00 
Nick Leddy               0  0  0  -1  2   0  3  1  0  0  0/0    16:36   2:08   0:00 
Richard Panik            0  0  0  -1  0   1  0  0  0  0  1/1     9:46   0:00   0:00 
Riley Sheahan            0  0  0  -1  0   1  0  0  0  0  4/11    9:46   0:00   0:00 

3 Stars

1 - Zach Hyman (BUF)
2 - Patrick Eaves (BUF)
3 - Thomas Greiss (BUF)

Power Play

Sabres - 0 on 4 Attempt(s) - 0.00%
MapleLeafs - 0 on 2 Attempt(s) - 0.00%

Penalty Kill

Sabres - 2 on 2 Attempt(s) - 100.00% - Score 0 goal in Penalty Kill
MapleLeafs - 4 on 4 Attempt(s) - 100.00% - Score 0 goal in Penalty Kill

Team Stat

Sabres - Hits : 15 - Faceoff Wins : 33 - Blocked Shots : 6 - Penalty Minutes : 4
MapleLeafs - Hits : 23 - Faceoff Wins : 30 - Blocked Shots : 8 - Penalty Minutes : 8

Official

Referees : Brian Pochmara and Ian Walsh
Linesman : Brian Murphy and Vaughan Rody

Game Notes

No Game Note

Finance

Level 1 -- Attendance: 5370 (82.62%) -- Ticket Income $590,700
Level 2 -- Attendance: 4353 (87.06%) -- Ticket Income $330,828
Level 3 -- Attendance: 2274 (64.97%) -- Ticket Income $150,084
Level 4 -- Attendance: 2517 (89.29%) -- Ticket Income $100,680
Luxury Box -- Attendance: 927 (92.70%) -- Ticket Income $184,473
Game was played at the Air Canada Center.
Total Attendance: 15441 (82.05%)
Total Ticket Income: $1,356,765
Other Income: $203,515
Total Income: $1,560,280

% Time on Ice - Sabres

Lines # - Real PCT - Wanted PCT - Time Play
Normal Forward
1 - 34% - 40% - 15:48
2 - 30% - 30% - 14:13
3 - 19% - 20% - 9:00
4 - 17% - 10% - 8:08
Normal Defense
1 - 34% - 40% - 16:16
2 - 34% - 30% - 15:51
3 - 28% - 20% - 13:07
4 - 4% - 10% - 1:55
PP Forward
1 - 52% - 60% - 4:06
2 - 48% - 40% - 3:50
PP Defense
1 - 48% - 60% - 3:50
2 - 52% - 40% - 4:06
PK Forward
1 - 69% - 60% - 2:45
2 - 31% - 40% - 1:13
PK Defense
1 - 49% - 60% - 1:57
2 - 51% - 40% - 2:01
PK3 Forward
1 - 0% - 60%
2 - 0% - 40%
PK3 Defense
1 - 0% - 60%
2 - 0% - 40%
44 Forward
1 - 0% - 60%
2 - 0% - 40%
44 Defense
1 - 0% - 60%
2 - 0% - 40%
Last Minute Offensive  - 0:00
Last Minute Defensive  - 0:57
Total
Forward - 60:00
Defense - 60:00

% Time on Ice - MapleLeafs

Lines # - Real PCT - Wanted PCT - Time Play
Normal Forward
1 - 27% - 29% - 12:55
2 - 28% - 27% - 13:03
3 - 24% - 24% - 11:25
4 - 21% - 20% - 9:46
Normal Defense
1 - 37% - 35% - 17:38
2 - 30% - 33% - 14:09
3 - 30% - 32% - 14:13
4 - 2% - 0% - 1:09
PP Forward
1 - 61% - 53% - 2:24
2 - 39% - 47% - 1:34
PP Defense
1 - 53% - 53% - 2:05
2 - 47% - 47% - 1:53
PK Forward
1 - 55% - 52% - 4:22
2 - 45% - 48% - 3:34
PK Defense
1 - 41% - 55% - 3:17
2 - 59% - 45% - 4:39
PK3 Forward
1 - 0% - 52%
2 - 0% - 48%
PK3 Defense
1 - 0% - 55%
2 - 0% - 45%
44 Forward
1 - 0% - 53%
2 - 0% - 47%
44 Defense
1 - 0% - 53%
2 - 0% - 47%
Last Minute Offensive  - 0:57
Last Minute Defensive  - 0:00
Total
Forward - 60:00
Defense - 60:00

Play by Play

1st period


0:01 of 1st period - Ryan Nugent-Hopkins wins face-off versus Jordan Staal in neutral zone.
0:28 of 1st period - Shot by David Backes.
0:28 of 1st period - Shot Misses the Net.
2:26 of 1st period - Shot by Patrick Eaves.
2:26 of 1st period - Stopped by Keith Kinkaid with a rebound.
3:00 of 1st period - Shot by Chris Wagner.
3:00 of 1st period - Stopped by Keith Kinkaid without a rebound.
3:01 of 1st period - Ryan Nugent-Hopkins wins face-off versus Riley Sheahan in MapleLeafs zone.
3:15 of 1st period - Shot by Richard Panik.
3:15 of 1st period - Stopped by Thomas Greiss with a rebound.
3:17 of 1st period - Shot by Alexei Emelin.
3:17 of 1st period - Shot Misses the Net.
4:09 of 1st period - Shot by Joonas Donskoi.
4:09 of 1st period - Shot Misses the Net.
4:11 of 1st period - Shot by Joonas Donskoi.
4:11 of 1st period - Shot Misses the Net.
4:13 of 1st period - Shot by Karl Alzner.
4:13 of 1st period - Shot Misses the Net.
4:51 of 1st period - Shot by David Backes.
4:51 of 1st period - Shot Misses the Net.
4:56 of 1st period - Jordan Staal is hit by Brian Campbell and loses puck.
5:07 of 1st period - Shot by Milan Lucic.
5:07 of 1st period - Stopped by Thomas Greiss with a rebound.
5:09 of 1st period - Shot by David Backes.
5:09 of 1st period - Shot Misses the Net.
6:00 of 1st period - Shot by Jason Zucker.
6:00 of 1st period - Shot Blocked by Kris Russell.
6:02 of 1st period - Shot by Bo Horvat.
6:02 of 1st period - Deflect By Anders Lee.
6:02 of 1st period - Stopped by Keith Kinkaid without a rebound.
6:03 of 1st period - Riley Sheahan wins face-off versus Zach Hyman in MapleLeafs zone.
6:28 of 1st period - Shot by Brett Connolly.
6:28 of 1st period - Shot Misses the Net.
6:38 of 1st period - Shot by Patrick Eaves.
6:38 of 1st period - Shot Blocked by Brent Seabrook.
7:57 of 1st period - Shot by Lars Eller.
7:57 of 1st period - Shot Misses the Net.
8:05 of 1st period - Shot by Lars Eller.
8:05 of 1st period - Stopped by Keith Kinkaid without a rebound.
8:06 of 1st period - Zach Hyman wins face-off versus Mikael Backlund in MapleLeafs zone.
8:16 of 1st period - Icing by Kris Russell.
8:17 of 1st period - Zach Hyman wins face-off versus Mikael Backlund in MapleLeafs zone.
8:53 of 1st period - Mikael Backlund is hit by Dan Girardi and loses puck.
9:27 of 1st period - Bo Horvat is hit by Brent Seabrook and loses puck.
9:38 of 1st period - Shot by Milan Lucic.
9:38 of 1st period - Shot Misses the Net.
9:40 of 1st period - Shot by David Backes.
9:40 of 1st period - Stopped by Thomas Greiss without a rebound.
9:41 of 1st period - Lars Eller wins face-off versus Riley Sheahan in Sabres zone.
9:43 of 1st period - Icing by Cody Franson.
9:44 of 1st period - Chris Wagner wins face-off versus Riley Sheahan in Sabres zone.
9:46 of 1st period - Icing by Brian Campbell.
9:47 of 1st period - Nazem Kadri wins face-off versus Lars Eller in Sabres zone.
9:51 of 1st period - Icing by Brian Campbell.
9:52 of 1st period - Riley Sheahan wins face-off versus Lars Eller in Sabres zone.
10:08 of 1st period - Shot by Andreas Athanasiou.
10:08 of 1st period - Stopped by Thomas Greiss without a rebound.
10:09 of 1st period - Nazem Kadri wins face-off versus Ryan Nugent-Hopkins in Sabres zone.
10:09 of 1st period - Nazem Kadri is hit by Rasmus Ristolainen.
10:22 of 1st period - Icing by Brent Seabrook.
10:23 of 1st period - Nazem Kadri wins face-off versus Bo Horvat in MapleLeafs zone.
11:03 of 1st period - Shot by Anders Lee.
11:03 of 1st period - Shot Misses the Net.
11:23 of 1st period - Nino Niederreiter is hit by Jordan Staal and loses puck.
11:34 of 1st period - Shot by Ryan Nugent-Hopkins.
11:34 of 1st period - Shot Misses the Net.
11:36 of 1st period - Shot by Dan Girardi.
11:36 of 1st period - Shot Misses the Net.
11:38 of 1st period - Shot by Thomas Vanek.
11:38 of 1st period - Stopped by Keith Kinkaid without a rebound.
11:39 of 1st period - Zach Hyman wins face-off versus Riley Sheahan in MapleLeafs zone.
11:39 of 1st period - Brian Campbell is hit by Alexei Emelin and loses puck.
11:45 of 1st period - Andreas Athanasiou is hit by Brett Connolly.
11:46 of 1st period - Icing by Andreas Athanasiou.
11:47 of 1st period - Kris Versteeg wins face-off versus Riley Sheahan in MapleLeafs zone.
11:53 of 1st period - Kris Russell is hit by Brian Campbell and loses puck.
12:12 of 1st period - Shot by Riley Sheahan.
12:12 of 1st period - Stopped by Thomas Greiss without a rebound.
12:13 of 1st period - Ryan Nugent-Hopkins wins face-off versus Mikael Backlund in Sabres zone.
13:25 of 1st period - Shot by Jordan Staal.
13:25 of 1st period - Stopped by Thomas Greiss with a rebound.
13:27 of 1st period - Shot by Jordan Staal.
13:27 of 1st period - Shot Misses the Net.
14:15 of 1st period - Shot by Riley Sheahan.
14:15 of 1st period - Shot Blocked by Brian Campbell.
14:21 of 1st period - Shot by Andreas Athanasiou.
14:21 of 1st period - Stopped by Thomas Greiss without a rebound.
14:22 of 1st period - Nazem Kadri wins face-off versus Zach Hyman in Sabres zone.
14:47 of 1st period - Shot by Joonas Donskoi.
14:47 of 1st period - Shot Blocked by Jake McCabe.
15:01 of 1st period - Shot by Patrick Eaves.
15:01 of 1st period - Stopped by Keith Kinkaid without a rebound.
15:02 of 1st period - Jordan Staal wins face-off versus Bo Horvat in MapleLeafs zone.
15:25 of 1st period - Jason Zucker is hit by David Backes and loses puck.
15:40 of 1st period - Shot by David Backes.
15:40 of 1st period - Stopped by Thomas Greiss without a rebound.
15:41 of 1st period - Jay Beagle wins face-off versus Lars Eller in Sabres zone.
16:01 of 1st period - Lars Eller is hit by Jonathan Marchessault and loses puck.
16:14 of 1st period - Minor Penalty to Jay Beagle for Interference.
16:15 of 1st period - Jordan Staal wins face-off versus Bo Horvat in MapleLeafs zone.
17:25 of 1st period - Nino Niederreiter is hit by Brent Seabrook and loses puck.
18:21 of 1st period - Shot by Zach Hyman.
18:21 of 1st period - Goal by Zach Hyman - Sabres : 1 - MapleLeafs : 0.
18:22 of 1st period - Nazem Kadri wins face-off versus Zach Hyman in neutral zone.
18:27 of 1st period - Shot by Joffrey Lupul.
18:27 of 1st period - Stopped by Thomas Greiss without a rebound.
18:28 of 1st period - Nazem Kadri wins face-off versus Zach Hyman in Sabres zone.
18:37 of 1st period - Shot by Nazem Kadri.
18:37 of 1st period - Stopped by Thomas Greiss without a rebound.
18:38 of 1st period - Richard Panik wins face-off versus Lars Eller in Sabres zone.
19:49 of 1st period - Icing by Rasmus Ristolainen.
19:50 of 1st period - Ryan Nugent-Hopkins wins face-off versus Jordan Staal in Sabres zone.
Goals for this period are 1 for Sabres vs 0 for MapleLeafs.
Shots for this period are 7 for Sabres vs 10 for MapleLeafs.

2nd period


0:01 of 2nd period - Bo Horvat wins face-off versus Jordan Staal in neutral zone.
0:08 of 2nd period - Shot by Jason Zucker.
0:08 of 2nd period - Shot Blocked by Alexey Marchenko.
0:10 of 2nd period - Shot by Anders Lee.
0:10 of 2nd period - Stopped by Keith Kinkaid with a rebound.
0:12 of 2nd period - Shot by Dan Girardi.
0:12 of 2nd period - Shot Blocked by Alexey Marchenko.
0:14 of 2nd period - Shot by Anders Lee.
0:14 of 2nd period - The goal is going for a video replay.
0:14 of 2nd period - The goal is refused.
0:15 of 2nd period - Mikael Backlund wins face-off versus Nino Niederreiter in MapleLeafs zone.
1:20 of 2nd period - Joonas Donskoi is hit by Anders Lee and loses puck.
2:10 of 2nd period - Nazem Kadri is hit by Patrick Eaves and loses puck.
2:19 of 2nd period - Shot by Zach Hyman.
2:19 of 2nd period - Deflect By Brett Connolly.
2:19 of 2nd period - Stopped by Keith Kinkaid without a rebound.
2:20 of 2nd period - Lars Eller wins face-off versus Jordan Staal in MapleLeafs zone.
2:35 of 2nd period - Shot by Jordan Staal.
2:35 of 2nd period - Stopped by Thomas Greiss with a rebound.
2:37 of 2nd period - Shot by Milan Lucic.
2:37 of 2nd period - Deflect By David Backes.
2:37 of 2nd period - Stopped by Thomas Greiss without a rebound.
2:38 of 2nd period - Ryan Nugent-Hopkins wins face-off versus Mikael Backlund in Sabres zone.
2:53 of 2nd period - Shot by Nino Niederreiter.
2:53 of 2nd period - Stopped by Keith Kinkaid without a rebound.
2:54 of 2nd period - Bo Horvat wins face-off versus David Backes in MapleLeafs zone.
3:57 of 2nd period - Rasmus Ristolainen is hit by Jonathan Marchessault and loses puck.
5:01 of 2nd period - Thomas Vanek is hit by Nick Leddy and loses puck.
5:39 of 2nd period - Minor Penalty to Alexey Marchenko for Hooking.
5:40 of 2nd period - Ryan Nugent-Hopkins wins face-off versus Jordan Staal in MapleLeafs zone.
6:20 of 2nd period - Icing by Bo Horvat.
6:21 of 2nd period - Mikael Backlund wins face-off versus Anders Lee in Sabres zone.
6:44 of 2nd period - Shot by Anders Lee.
6:44 of 2nd period - Shot Misses the Net.
6:46 of 2nd period - Shot by Rasmus Ristolainen.
6:46 of 2nd period - Stopped by Keith Kinkaid with a rebound.
7:04 of 2nd period - Shot by Cody Franson.
7:04 of 2nd period - Shot Misses the Net.
7:06 of 2nd period - Shot by Nino Niederreiter.
7:06 of 2nd period - Shot Misses the Net.
7:14 of 2nd period - Shot by Thomas Vanek.
7:14 of 2nd period - Stopped by Keith Kinkaid with a rebound.
7:50 of 2nd period - Shot by Zach Hyman.
7:50 of 2nd period - Stopped by Keith Kinkaid without a rebound.
7:51 of 2nd period - Joffrey Lupul wins face-off versus Lars Eller in MapleLeafs zone.
8:16 of 2nd period - Shot by Kris Versteeg.
8:16 of 2nd period - Shot Misses the Net.
8:41 of 2nd period - Zach Hyman is hit by Nazem Kadri and loses puck.
9:23 of 2nd period - Icing by Nazem Kadri.
9:24 of 2nd period - Ryan Nugent-Hopkins wins face-off versus Nazem Kadri in MapleLeafs zone.
9:49 of 2nd period - Shot by Thomas Vanek.
9:49 of 2nd period - Deflect By Nino Niederreiter.
9:49 of 2nd period - Shot Misses the Net.
9:53 of 2nd period - Shot by Ryan Nugent-Hopkins.
9:53 of 2nd period - Shot Misses the Net.
9:55 of 2nd period - Shot by Thomas Vanek.
9:55 of 2nd period - Shot Blocked by Nick Leddy.
10:31 of 2nd period - Shot by Bo Horvat.
10:31 of 2nd period - Shot Blocked by Karl Alzner.
10:33 of 2nd period - Shot by Jason Zucker.
10:33 of 2nd period - Stopped by Keith Kinkaid with a rebound.
10:41 of 2nd period - Anders Lee is hit by David Backes and loses puck.
11:14 of 2nd period - Off-side.
11:15 of 2nd period - Zach Hyman wins face-off versus Riley Sheahan in neutral zone.
11:39 of 2nd period - Icing by Rasmus Ristolainen.
11:40 of 2nd period - Mikael Backlund wins face-off versus Zach Hyman in Sabres zone.
11:53 of 2nd period - Shot by Mikael Backlund.
11:53 of 2nd period - Shot Blocked by Zach Hyman.
12:42 of 2nd period - Thomas Vanek is hit by Brent Seabrook and loses puck.
12:47 of 2nd period - Shot by Ryan Nugent-Hopkins.
12:47 of 2nd period - Stopped by Keith Kinkaid without a rebound.
12:48 of 2nd period - Bo Horvat wins face-off versus Jordan Staal in MapleLeafs zone.
12:51 of 2nd period - Shot by Jason Zucker.
12:51 of 2nd period - Shot Misses the Net.
12:53 of 2nd period - Shot by Anders Lee.
12:53 of 2nd period - Shot Blocked by Alexey Marchenko.
12:59 of 2nd period - Shot by Bo Horvat.
12:59 of 2nd period - Stopped by Keith Kinkaid without a rebound.
13:00 of 2nd period - Riley Sheahan wins face-off versus Lars Eller in MapleLeafs zone.
14:26 of 2nd period - Shot by David Backes.
14:26 of 2nd period - Deflect By Milan Lucic.
14:26 of 2nd period - Stopped by Thomas Greiss without a rebound.
14:27 of 2nd period - Mikael Backlund wins face-off versus Bo Horvat in Sabres zone.
14:49 of 2nd period - Anders Lee is hit by Alexey Marchenko and loses puck.
14:51 of 2nd period - Minor Penalty to Nick Leddy for Delaying the game.
14:52 of 2nd period - Ryan Nugent-Hopkins wins face-off versus Jordan Staal in MapleLeafs zone.
15:10 of 2nd period - Off-side.
15:11 of 2nd period - Bo Horvat wins face-off versus Mikael Backlund in neutral zone.
15:36 of 2nd period - Shot by Jason Zucker.
15:36 of 2nd period - Shot Blocked by Kris Russell.
16:17 of 2nd period - Shot by Brian Campbell.
16:17 of 2nd period - Stopped by Keith Kinkaid with a rebound.
16:19 of 2nd period - Shot by Nino Niederreiter.
16:19 of 2nd period - Stopped by Keith Kinkaid with a rebound.
17:06 of 2nd period - Shot by Brent Seabrook.
17:06 of 2nd period - Shot Blocked by Jake McCabe.
17:58 of 2nd period - Shot by Nazem Kadri.
17:58 of 2nd period - Shot Blocked by Dan Girardi.
18:22 of 2nd period - Rasmus Ristolainen is hit by Nazem Kadri and loses puck.
18:58 of 2nd period - Nick Leddy is hit by Chris Wagner and loses puck.
Goals for this period are 0 for Sabres vs 0 for MapleLeafs.
Shots for this period are 12 for Sabres vs 3 for MapleLeafs.

3rd period


0:01 of 3rd period - Jordan Staal wins face-off versus Ryan Nugent-Hopkins in neutral zone.
0:35 of 3rd period - Shot by Ryan Nugent-Hopkins.
0:35 of 3rd period - Stopped by Keith Kinkaid without a rebound.
0:36 of 3rd period - Anders Lee wins face-off versus Mikael Backlund in MapleLeafs zone.
1:19 of 3rd period - Shot by Mikael Backlund.
1:19 of 3rd period - Shot Misses the Net.
1:28 of 3rd period - Off-side.
1:29 of 3rd period - Ryan Nugent-Hopkins wins face-off versus Jordan Staal in neutral zone.
1:31 of 3rd period - Rasmus Ristolainen is hit by Alexei Emelin and loses puck.
1:36 of 3rd period - Shot by Ryan Nugent-Hopkins.
1:36 of 3rd period - Stopped by Keith Kinkaid without a rebound.
1:37 of 3rd period - Jordan Staal wins face-off versus Ryan Nugent-Hopkins in MapleLeafs zone.
2:35 of 3rd period - Shot by Patrick Eaves.
2:35 of 3rd period - Goal by Patrick Eaves - Sabres : 2 - MapleLeafs : 0.
2:36 of 3rd period - Nazem Kadri wins face-off versus Bo Horvat in neutral zone.
2:47 of 3rd period - Shot by Nazem Kadri.
2:47 of 3rd period - Stopped by Thomas Greiss without a rebound.
2:48 of 3rd period - Brett Connolly wins face-off versus Mikael Backlund in Sabres zone.
3:09 of 3rd period - Shot by Mikael Backlund.
3:09 of 3rd period - Stopped by Thomas Greiss without a rebound.
3:10 of 3rd period - Nazem Kadri wins face-off versus Bo Horvat in Sabres zone.
3:10 of 3rd period - Brent Seabrook is hit by Cody Franson and loses puck.
3:24 of 3rd period - Icing by Joonas Donskoi.
3:25 of 3rd period - Nazem Kadri wins face-off versus Ryan Nugent-Hopkins in MapleLeafs zone.
3:25 of 3rd period - Karl Alzner is hit by Ryan Nugent-Hopkins and loses puck.
3:43 of 3rd period - Joonas Donskoi is hit by Rasmus Ristolainen.
3:49 of 3rd period - Shot by Joonas Donskoi.
3:49 of 3rd period - Stopped by Thomas Greiss with a rebound.
3:51 of 3rd period - Shot by Joffrey Lupul.
3:51 of 3rd period - Stopped by Thomas Greiss with a rebound.
3:53 of 3rd period - Shot by Nazem Kadri.
3:53 of 3rd period - Shot Misses the Net.
4:19 of 3rd period - Off-side.
4:20 of 3rd period - Jordan Staal wins face-off versus Bo Horvat in neutral zone.
5:12 of 3rd period - Icing by Cody Franson.
5:13 of 3rd period - Bo Horvat wins face-off versus Mikael Backlund in Sabres zone.
5:26 of 3rd period - Shot by Alexey Marchenko.
5:26 of 3rd period - Shot Misses the Net.
5:28 of 3rd period - Shot by Jay Beagle.
5:28 of 3rd period - Stopped by Thomas Greiss without a rebound.
5:29 of 3rd period - Ryan Nugent-Hopkins wins face-off versus Riley Sheahan in Sabres zone.
5:46 of 3rd period - Karl Alzner is hit by Nino Niederreiter and loses puck.
6:20 of 3rd period - Karl Alzner is hit by Dan Girardi and loses puck.
6:47 of 3rd period - Icing by Brent Seabrook.
6:48 of 3rd period - Riley Sheahan wins face-off versus Lars Eller in MapleLeafs zone.
7:23 of 3rd period - Shot by David Backes.
7:23 of 3rd period - Deflect By Milan Lucic.
7:23 of 3rd period - Goal by Milan Lucic - Sabres : 2 - MapleLeafs : 1.
7:24 of 3rd period - Jason Zucker wins face-off versus Mikael Backlund in neutral zone.
7:30 of 3rd period - Icing by Alexey Marchenko.
7:31 of 3rd period - Mikael Backlund wins face-off versus Bo Horvat in MapleLeafs zone.
8:07 of 3rd period - Minor Penalty to Cody Franson for Hooking.
8:08 of 3rd period - Ryan Nugent-Hopkins wins face-off versus Nazem Kadri in Sabres zone.
8:23 of 3rd period - Icing by Milan Lucic.
8:24 of 3rd period - Nazem Kadri wins face-off versus Ryan Nugent-Hopkins in MapleLeafs zone.
8:29 of 3rd period - Shot by Nick Leddy.
8:29 of 3rd period - Shot Misses the Net.
9:29 of 3rd period - Shot by Brent Seabrook.
9:29 of 3rd period - Shot Misses the Net.
9:31 of 3rd period - Shot by Karl Alzner.
9:31 of 3rd period - Shot Misses the Net.
9:33 of 3rd period - Shot by Joffrey Lupul.
9:33 of 3rd period - Deflect By David Backes.
9:33 of 3rd period - Shot Misses the Net.
10:06 of 3rd period - Alexei Emelin is hit by Dan Girardi and loses puck.
10:25 of 3rd period - Jason Zucker is hit by Jonathan Marchessault and loses puck.
10:33 of 3rd period - Minor Penalty to Seth Helgeson for Hooking.
10:34 of 3rd period - Zach Hyman wins face-off versus Nazem Kadri in Sabres zone.
11:17 of 3rd period - Dan Girardi is hit by Milan Lucic and loses puck.
13:06 of 3rd period - Patrick Eaves is hit by Jonathan Marchessault and loses puck.
14:38 of 3rd period - Shot by Nazem Kadri.
14:38 of 3rd period - Stopped by Thomas Greiss without a rebound.
14:39 of 3rd period - Jordan Staal wins face-off versus Ryan Nugent-Hopkins in Sabres zone.
14:52 of 3rd period - Shot by Dan Girardi.
14:52 of 3rd period - Stopped by Keith Kinkaid without a rebound.
14:53 of 3rd period - Mikael Backlund wins face-off versus Bo Horvat in MapleLeafs zone.
14:59 of 3rd period - Jonathan Marchessault is hit by Dan Girardi and loses puck.
15:04 of 3rd period - Shot by Mikael Backlund.
15:04 of 3rd period - Stopped by Thomas Greiss without a rebound.
15:05 of 3rd period - Thomas Vanek wins face-off versus Jordan Staal in Sabres zone.
15:05 of 3rd period - Ryan Nugent-Hopkins is hit by David Backes and loses puck.
15:17 of 3rd period - Ryan Nugent-Hopkins is hit by Nick Leddy.
15:19 of 3rd period - Shot by Thomas Vanek.
15:19 of 3rd period - Stopped by Keith Kinkaid without a rebound.
15:20 of 3rd period - Bo Horvat wins face-off versus Nazem Kadri in MapleLeafs zone.
16:16 of 3rd period - Thomas Vanek is hit by Karl Alzner and loses puck.
16:22 of 3rd period - Ryan Nugent-Hopkins is hit by Karl Alzner.
16:37 of 3rd period - Icing by Cody Franson.
16:38 of 3rd period - Ryan Nugent-Hopkins wins face-off versus Jordan Staal in Sabres zone.
16:52 of 3rd period - Shot by Nino Niederreiter.
16:52 of 3rd period - Shot Misses the Net.
17:01 of 3rd period - Nino Niederreiter is hit by Alexei Emelin and loses puck.
17:03 of 3rd period - Minor Penalty to Alexei Emelin for High sticking.
17:04 of 3rd period - Mikael Backlund wins face-off versus Bo Horvat in MapleLeafs zone.
17:12 of 3rd period - Icing by Dan Girardi.
17:13 of 3rd period - Bo Horvat wins face-off versus Jordan Staal in Sabres zone.
18:10 of 3rd period - Shot by Jordan Staal.
18:10 of 3rd period - Shot Misses the Net.
18:32 of 3rd period - Shot by Nino Niederreiter.
18:32 of 3rd period - Shot Misses the Net.
19:13 of 3rd period - MapleLeafs, Keith Kinkaid is pulled from the net.
19:16 of 3rd period - Icing by Brian Campbell.
19:17 of 3rd period - Ryan Nugent-Hopkins wins face-off versus Jordan Staal in Sabres zone.
19:25 of 3rd period - Bo Horvat is hit by Nick Leddy and loses puck.
19:38 of 3rd period - Shot by Jordan Staal.
19:38 of 3rd period - Shot Misses the Net.
19:40 of 3rd period - Shot by Alexei Emelin.
19:40 of 3rd period - Shot Misses the Net.
19:42 of 3rd period - Shot by Milan Lucic.
19:42 of 3rd period - Shot Misses the Net.
19:44 of 3rd period - Shot by Alexei Emelin.
19:44 of 3rd period - Shot Misses the Net.
19:46 of 3rd period - Shot by Jordan Staal.
19:46 of 3rd period - Shot Blocked by Brian Campbell.
Goals for this period are 1 for Sabres vs 1 for MapleLeafs.
Shots for this period are 5 for Sabres vs 8 for MapleLeafs.